 Dungeon Crawl Stone Soup version 0.23.2 (webtiles) character file.

Game seed: 14892576508178351534

603 Yunesin the Chopper (level 7, 0/61 HPs)
             Began as a Hill Orc Fighter on Apr 4, 2019.
             Succumbed to a gnoll's poison
             ... on level 4 of the Dungeon.
             The game lasted 00:12:32 (2179 turns).

Yunesin the Chopper (Hill Orc Fighter)              Turns: 2179, Time: 00:12:32

Health: 0/61       AC:  9    Str: 19      XL:     7   Next: 42%
Magic:  7/7        EV:  9    Int: 12      God:
Gold:   165        SH:  9    Dex:  6 (10) Spells: 6/6 levels left

rFire    . . .     SeeInvis .   a - +1 war axe
rCold    . . .     Gourm    .   c - +0 shield
rNeg     . . .     Faith    .   b - +0 scale mail
rPois    .         Spirit   .   (no helmet)
rElec    .         Reflect  .   s - +1 cloak
rCorr    .         Harm     .   (no gloves)
MR       .....     Rnd*Rage +   (no boots)
Stlth    ..........             (no amulet)
HPRegen  0.20/turn              (no ring)
MPRegen  0.10/turn              (no ring)

@: lethally poisoned (0 -> -3)
A: repulsion field 1, berserk 1, clever 1
a: no special abilities


You were on level 4 of the Dungeon.
You were not hungry.

You visited 1 branch of the dungeon, and saw 4 of its levels.

You collected 165 gold pieces.

Inventory:

Hand Weapons
 a - a +1 war axe (weapon)
 q - a +0 battleaxe
Armour
 b - a +0 scale mail (worn)
 c - a +0 shield (worn)
 s - a +1 cloak (worn)
Jewellery
 i - a +3 ring of dexterity
Wands
 v - a wand of paralysis (2)
Scrolls
 e - 2 scrolls of identify
 h - 3 scrolls of random uselessness {unknown}
 k - 2 scrolls of amnesia
 l - a scroll of immolation
 n - 2 scrolls of remove curse
 o - a scroll of blinking {unknown}
 t - a scroll of fog
 w - a scroll of magic mapping {unknown}
Potions
 d - a potion of might
 j - a potion of ambrosia
 m - 2 potions of curing
 p - a potion of flight
 r - a potion of agility
 u - a potion of brilliance
Comestibles
 f - 8 rations
 g - 3 chunks of flesh


   Skills:
 + Level 5.4 Fighting
 * Level 6.9 Axes
 + Level 5.0 Armour
 + Level 5.0 Shields


You had 6 spell levels left.
You didn't know any spells.
Your spell library was empty.

Dungeon Overview and Level Annotations

Branches:
Dungeon (4/15)
 Temple: D:4-7

Altars:
Hepliaklqana
Makhleb
Trog
Wu Jian

Annotations:
D:4 Dowan, Duvessa


Innate Abilities, Weirdness & Mutations

You are surrounded by a mild repulsion field. (EV +2)
You tend to lose your temper in combat.
Your mind is acute. (Int +2)


Message History

* * * LOW HITPOINT WARNING * * *
You feel sick.
Duvessa zaps a wand.
You block the puff of flame.
* * * LOW HITPOINT WARNING * * *
You feel sick.
A hound comes into view.
Duvessa zaps a wand.
The puff of flame misses you.
Dowan says, "Stay away from my face!"
* * * LOW HITPOINT WARNING * * *
You feel sick.
The hound barks!
Dowan points at you and mumbles some strange words.
The puff of frost hits you.
* * * LOW HITPOINT WARNING * * *
Duvessa zaps a wand.
The puff of flame hits you.
* * * LOW HITPOINT WARNING * * *
* * * LOW HITPOINT WARNING * * *
You feel sick.
* * * LOW HITPOINT WARNING * * *
You feel sick.
You die...

.....##...##...#...#....#
..........#......#..##..#.
.....g..e#..##..©..#...#..
........e#.....#....(#.##..
........g##.##...###....#
..
....."..h.#.....(...#..##.
.
.......##.##..#####..###..
..#....
#..####.©.####......
..#....
#..@................
.........####.#.#..........
...##.##.# #......##.......
...#. #.###........<......
.. ..##................ .
...#.............# .
..................# .
.....#..#.........###
....##........#.....#


You could see Duvessa, a hound and 2 gnolls.

Vanquished Creatures
  The ghost of Paps the Sneak, an amateur OpFi (D:4)
  An ogre (D:4)
  2 quasits (D:4)
  Ijyb (D:3)
  2 iguanas (D:4)
  Robin (D:3)
  6 gnolls
  An adder (D:3)
  An ooze (D:3)
  An adder skeleton (D:4)
  2 worms (D:2)
  2 dart slugs
  A leopard gecko (D:2)
  5 orcs (D:3)
  5 giant cockroaches
  23 goblins
  11 hobgoblins
  5 jackals
  13 bats
  4 frilled lizards
  A giant cockroach zombie (D:2)
  2 kobolds
  7 rats
98 creatures vanquished.

Notes
Turn   | Place    | Note
-------+----------+-------------------------------------------
     0 | D:1      | Yunesin the Hill Orc Fighter began the quest for the Orb.
     0 | D:1      | Reached XP level 1. HP: 19/19 MP: 1/1
   136 | D:1      | Reached skill level 3 in Axes
   153 | D:1      | Reached XP level 2. HP: 26/27 MP: 2/2
   351 | D:1      | Reached XP level 3. HP: 33/33 MP: 3/3
   721 | D:2      | Found an ornate altar of the Wu Jian Council.
   721 | D:2      | Found a bloodstained altar of Trog.
   721 | D:2      | Found a burning altar of Makhleb.
   721 | D:2      | Found a hazy altar of Hepliaklqana.
   790 | D:2      | Reached skill level 4 in Axes
   902 | D:2      | Reached XP level 4. HP: 39/40 MP: 4/4
  1368 | D:3      | Reached XP level 5. HP: 36/47 MP: 5/5
  1371 | D:3      | Noticed Robin
  1391 | D:3      | Killed Robin
  1447 | D:3      | Noticed Ijyb
  1448 | D:3      | Reached skill level 5 in Axes
  1466 | D:3      | Killed Ijyb
  1638 | D:3      | Gained mutation: Your mind is acute. (Int +2) [potion of
                  | mutation]
  1638 | D:3      | Gained mutation: You tend to lose your temper in combat.
                  | [potion of mutation]
  1638 | D:3      | Gained mutation: You are surrounded by a mild repulsion
                  | field. (EV +2) [potion of mutation]
  1938 | D:4      | Found a transporter.
  1944 | D:4      | Reached XP level 6. HP: 43/53 MP: 6/6
  1956 | D:4      | Noticed Paps's ghost (amateur OpFi)
  1981 | D:4      | Killed Paps's ghost
  1981 | D:4      | Reached skill level 5 in Fighting
  1981 | D:4      | Reached skill level 6 in Axes
  1981 | D:4      | Reached XP level 7. HP: 34/61 MP: 7/7
  1998 | D:4      | Found a transporter.
  2138 | D:4      | Reached skill level 5 in Armour
  2153 | D:4      | Noticed Dowan
  2156 | D:4      | Noticed Duvessa
  2161 | D:4      | Reached skill level 5 in Shields
  2175 | D:4      | HP: 3/61 [Duvessa/wand of flame (15) (2)]
  2177 | D:4      | HP: 1/61 [poisoned by a gnoll]
  2179 | D:4      | Succumbed to a gnoll's poison

Skill      XL: |  1  2  3  4  5  6  7 |
---------------+----------------------+-----
Axes           | 3 4 5 6 |  6.9
Fighting       | 4 5 |  5.4
Armour         | 4 5 |  5.0
Shields        | 4 5 |  5.0

Action                   |  1- 3 |  4- 6 |  7- 9 || total
-------------------------+-------+-------+-------++-------
Melee: War axe           |   109 |   154 |    30 ||   293
  Use: Scroll            |       |    13 |       ||    13
       Potion            |       |     3 |     1 ||     4
  Eat: Chunk             |       |     4 |     1 ||     5
Armor: Scale mail        |    40 |   110 |    37 ||   187
Dodge: Dodged            |    30 |   107 |    44 ||   181
Block: Shield            |    67 |    24 |    13 ||   104
